 Dungeon Crawl Stone Soup version 0.26.0-9-gab577f9fc5 (webtiles) character file.

Game seed: 11489653636732996563

225720 Delamore the Peltast (level 18, -1/129 HPs)
             Began as a Gargoyle Fighter on Jan 13, 2021.
             Was the Champion of Okawaru.
             Slain by a wolf spider (10 damage)
             ... on level 4 of the Spider Nest.
             The game lasted 00:48:01 (37740 turns).

Delamore the Peltast (Gargoyle Fighter)            Turns: 37740, Time: 00:48:01

Health: -1/129     AC: 40    Str: 33 (34) XL:     18   Next: 86%
Magic:  21/21      EV:  7    Int: 15      God:    Okawaru [******]
Gold:   3371       SH:  0    Dex:  6 (7)  Spells: 17/17 levels left

rFire    + + +     SeeInvis .   I - +7 eveningstar of Quifis {freeze, *Contam rF++ rC+}
rCold    + . .     Faith    +   b - +0 buckler of Minor Irritation {Will++ Dex+2}
rNeg     + . .     Spirit   .   H - +4 plate armour of the Pink Corner {*Contam Regen+ Int+5}
rPois    ∞         Reflect  .   i - +0 hat
rElec    +         Harm     .   p - +1 cloak of Moral Flaws {Str+4}
rCorr    .         Rampage  .   U - +1 pair of gloves {archery}
Will     +++..                  N - +2 pair of boots "Guismim" {rF+}
Stlth    ..........             e - amulet of faith
HPRegen  0.71/turn              n - ring of Arhill {rPois rF+ Str+3 Dex-4}
MPRegen  0.17/turn              B - +4 ring of protection

@: confused, flying
A: big wings, camouflage 1, dopey 1, negative energy resistance 1, electricity
resistance, strong 1, unbreathing, petrification resistance, miasma immunity, AC
+13
}: 2/15 runes: decaying, gossamer
a: Stop Flying, Renounce Religion, Heroism, Finesse


You were on level 4 of the Spider Nest.
You worshipped Okawaru.
Okawaru was exalted by your worship.
You visited 6 branches of the dungeon, and saw 32 of its levels.
You also visited: Sewer, Bailey and Gauntlet.

You collected 3794 gold pieces.
You spent 423 gold pieces at shops.

Inventory:

Hand Weapons
 I - the +7 eveningstar of Quifis (weapon) {freeze, *Contam rF++ rC+}
   (Okawaru gifted it to you on level 13 of the Dungeon)

   It has been specially enchanted to freeze those struck by it, causing extra
   injury to most foes and up to half again as much damage against particularly
   susceptible opponents.
   It can also slow down cold-blooded creatures.
   It greatly protects you from fire.
   It protects you from cold.
   It causes magical contamination when unequipped.
Missiles
 a - 30 javelins (quivered)
 F - 20 silver javelins
Armour
 b - the +0 buckler of Minor Irritation (worn) {Will++ Dex+2}
   (Okawaru gifted it to you on level 2 of the Orcish Mines)

   It affects your dexterity (+2).
   It affects your willpower, your defense against some magical effects.
 i - a +0 hat (worn)
 p - the +1 cloak of Moral Flaws (worn) {Str+4}
   (Okawaru gifted it to you on level 4 of the Swamp)

   It affects your strength (+4).
 H - the +4 plate armour of the Pink Corner (worn) {*Contam Regen+ Int+5}
   (Okawaru gifted it to you on level 5 of the Lair of Beasts)

   It affects your intelligence (+5).
   It causes magical contamination when unequipped.
   It increases your rate of regeneration.
 N - the +2 pair of boots "Guismim" (worn) {rF+}
   (Okawaru gifted it to you on level 4 of the Lair of Beasts)

   It protects you from fire.
 U - a +1 pair of gloves of archery (worn)
Jewellery
 e - an amulet of faith (around neck)
 n - the ring of Arhill (left hand) {rPois rF+ Str+3 Dex-4}
   (You bought it in a shop on level 2 of the Orcish Mines)

   [ring of protection from fire]

   It affects your strength (+3).
   It affects your dexterity (-4).
   It protects you from fire.
   It protects you from poison.
 u - an uncursed amulet of reflection
 B - a +4 ring of protection (right hand)
 O - an uncursed ring of flight {unknown}
 S - an uncursed amulet of regeneration {unknown}
 V - an uncursed amulet of magic regeneration {unknown}
Wands
 q - a wand of digging (11)
 z - a wand of paralysis (12)
 G - a wand of iceblast (23)
 M - a wand of flame (82)
 R - a wand of acid (17)
 W - a wand of polymorph (4)
 Y - a wand of disintegration (33)
Scrolls
 g - 4 scrolls of enchant armour
 h - 8 scrolls of fog
 j - 10 scrolls of immolation
 k - 12 scrolls of remove curse
 l - 5 scrolls of magic mapping
 m - 8 scrolls of enchant weapon
 r - 2 scrolls of blinking
 t - 3 scrolls of summoning
 w - 4 scrolls of identify
 x - 15 scrolls of teleportation
 y - 7 scrolls of fear
 A - a scroll of random uselessness {unknown}
 C - 4 scrolls of noise
 E - a scroll of vulnerability {unknown}
 T - a scroll of silence
Potions
 c - 4 potions of ambrosia
 d - 3 potions of berserk rage
 f - 5 potions of heal wounds
 o - 3 potions of mutation
 v - 3 potions of haste
 D - 18 potions of curing
 J - 2 potions of magic
 K - 3 potions of resistance
 L - 4 potions of might
 P - 2 potions of cancellation
 Q - a potion of invisibility
Miscellaneous
 s - a phial of floods


   Skills:
 + Level 19.9 Fighting
 - Level 17.0 Maces & Flails
 - Level 5.0 Throwing
 - Level 3.2 Armour
 + Level 19.9 Shields
 - Level 5.0 Invocations
 - Level 5.0 Evocations


You had 17 spell levels left.
You didn't know any spells.
Your spell library contained the following spells:

 Spells                   Type           Power        Failure   Level
 Animate Skeleton         Necr           0%           93%         1
 Apportation              Tloc           0%           93%         1
 Beastly Appendage        Tmut           0%           93%         1
 Corona                   Hex            0%           93%         1
 Freeze                   Ice            0%           93%         1
 Sandblast                Erth           0%           93%         1
 Shock                    Conj/Air       0%           93%         1
 Sting                    Tmut/Pois      0%           93%         1
 Summon Small Mammal      Summ           0%           93%         1
 Call Imp                 Summ           0%           98%         2
 Corpse Rot               Necr/Air       N/A          98%         2
 Passwall                 Tmut/Erth      0%           98%         2
 Poisonous Vapours        Pois/Air       0%           98%         2
 Slow                     Hex            0%           98%         2
 Swiftness                Air            0%           98%         2
 Wereblood                Tmut           0%           98%         2
 Frozen Ramparts          Ice            0%           100%        3
 Ignite Poison            Fire/Tmut/Pois 0%           100%        3
 Inner Flame              Hex/Fire       0%           100%        3
 Mephitic Cloud           Conj/Pois/Air  0%           100%        3
 Ozocubu's Armour         Ice            0%           100%        3
 Portal Projectile        Hex/Tloc       0%           100%        3
 Spider Form              Tmut/Pois      0%           100%        3
 Static Discharge         Conj/Air       0%           100%        3
 Stone Arrow              Conj/Erth      0%           100%        3
 Summon Guardian Golem    Hex/Summ       0%           100%        3
 Airstrike                Air            0%           100%        4
 Cause Fear               Hex            0%           100%        4
 Hailstorm                Conj/Ice       0%           100%        4
 Ice Form                 Ice/Tmut       0%           100%        4
 Leda's Liquefaction      Hex/Erth       0%           100%        4
 Olgreb's Toxic Radiance  Pois           0%           100%        4
 Petrify                  Tmut/Erth      0%           100%        4
 Summon Ice Beast         Ice/Summ       0%           100%        4
 Summon Lightning Spire   Summ/Air       0%           100%        4
 Blade Hands              Tmut           0%           100%        5
 Bolt of Magma            Conj/Fire/Erth 0%           100%        5
 Iskenderun's Battlesphe  Conj           0%           100%        5
 Lee's Rapid Deconstruct  Erth           0%           100%        5
 Lightning Bolt           Conj/Air       0%           100%        5
 Silence                  Hex/Air        0%           100%        5
 Yara's Violent Unravell  Hex/Tmut       0%           100%        5
 Invisibility             Hex            0%           100%        6
 Iron Shot                Conj/Erth      0%           100%        6
 Shadow Creatures         Summ           N/A          100%        6
 Haunt                    Necr/Summ      0%           100%        7
 Orb of Destruction       Conj           0%           100%        7
 Spellforged Servitor     Conj/Summ      0%           100%        7
 Summon Hydra             Summ           0%           100%        7
 Borgnjor's Revivificati  Necr           0%           100%        8
 Discord                  Hex            0%           100%        8
 Infestation              Necr           0%           100%        8
 Necromutation            Tmut/Necr      0%           100%        8
 Death's Door             Necr           0%           100%        9


Dungeon Overview and Level Annotations

Branches:
Dungeon (15/15)            Temple (1/1) D:7            Lair (6/6) D:10
  Swamp (4/4) Lair:4       Spider (4/4) Lair:4        Slime (0/5) Lair:6
    Orc (2/2) D:10            Elf (0/3) Orc:2        Vaults (0/5) D:13
 Depths (0/5) D:15          Sewer (visited)          Bailey (visited)
Gauntlet (visited)

Altars:
Dithmenos
Elyvilon
Fedhas
Hepliaklqana
Kikubaaqudgha
Nemelex Xobeh
Okawaru
Trog
Xom
Yredelemnul
Beogh

Shops:
D:4 (   D:7 :   D:9 (   D:13 (   Orc:2 *}(=

Portals:
Trove: D:13 (show abyssal rune of Zot)

Annotations:
Lair:3 exclusion: 2 oklob plants
Swamp:2 Roxanne


Innate Abilities, Weirdness & Mutations

You are resistant to torment.
Your stone body is resilient. (AC +13)
You are immune to poison.
Your large and strong wings let you fly indefinitely.
You resist negative energy. (rN+)
You are resistant to electric shocks. (rElec)
You can survive without breathing.
You are immune to petrification.
You are immune to miasma.
Your skin changes colour to match your surroundings (Stealth+).
You are dopey. (Int -2)
Your muscles are strong. (Str +2)


Message History

You impale the tarantella!! You freeze the tarantella.
The tarantella is heavily wounded.
The wolf spider hits you!!
The wolf spider bites you but does no damage.
The redback bites you.
* * * LOW HITPOINT WARNING * * *
The tarantella barely misses you.
The tarantella bites you but does no damage.
The wolf spider hits you!!
* * * LOW HITPOINT WARNING * * *
The wolf spider bites you.
* * * LOW HITPOINT WARNING * * *
The redback bites you but does no damage.
You bludgeon the wolf spider!! You freeze the wolf spider!
The wolf spider is heavily wounded.
The tarantella bites you but does no damage.
The tarantella barely misses you. The wolf spider hits you.
* * * LOW HITPOINT WARNING * * *
The wolf spider bites you!
You die...

####...#.#
#..##.#### ##
####..##†....^(..#
.#
#^...†..^......##
.##
#.#.....###..^...#
..#
###....##.#..#...#
.≈#
#..#...#..^......#
# .##
####^..........#
).# ##
##.##....ss##....#
#####
####.#..@sy...#
#≈..##
#####.s.#...#
.[^^.### #....# ##
.......# ###s.#
.......## ...#
.≈≈..≈.^# ....
≈≈####..# .#^##
≈##.≈#..# .# #.
≈#≈..#≈.#


You could see a wolf spider (berserk), a moth of wrath, 2 tarantellas and 2
redbacks.

Vanquished Creatures
  A tentacled monstrosity (Swamp:3)
  A thorn hunter (Swamp:2)
  4 ghost moths
  An orc warlord (Orc:1)
  9 emperor scorpions
  A minotaur (Gauntlet)
  4 bunyips
  A death ooze (Gauntlet)
  6 eleionomae
  A fire dragon (Lair:6)
  2 shambling mangroves (Swamp:4)
  The ghost of Pamiuf the Slicer, a journeyman KoSu of Ru (Lair:2)
  A boulder beetle (Spider:2)
  28 hydras
  A ghost crab (Swamp:4)
  8 vault guards (D:13)
  A catoblepas (D:13)
  4 centaur warriors (D:14)
  A death knight (D:13)
  5 alligators
  An ogre mage (Orc:2)
  2 tengu warriors (D:15)
  5 two-headed ogres
  13 death yaks
  Urug (Lair:1)
  7 goliath frogs
  3 unseen horrors
  17 swamp dragons
  2 bog bodies
  3 spriggan druids
  14 orb spiders
  4 lindwurms
  10 orc knights
  A mana viper (shapeshifter) (D:15)
  7 deep elf magi
  A cyclops (D:13)
  3 manticores
  7 orc sorcerers
  19 wolf spiders
  5 will-o-the-wisps
  3 moths of wrath
  12 elephants
  Maurice (D:8)
  2 ugly things
  A guardian serpent (shapeshifter) (D:15)
  A naga mage (D:15)
  7 black mambas
  The ghost of Burana the Grave Robber, a novice DgNe (D:5)
  3 molten gargoyles (Lair:6)
  The ghost of petercordia the Covert, a novice SpWr of Gozag (D:7)
  2 torpor snails
  Psyche (D:8)
  2 centaur zombies
  An eye of devastation (Lair:6)
  5 cane toads
  A gargoyle (D:13)
  The ghost of happy the Vexing, a novice HuEn of Sif Muna (D:4)
  2 kobold demonologists
  2 rime drakes
  Maggie (D:8)
  2 efreet
  6 demonic crawlers
  9 komodo dragons
  A redback zombie (D:14)
  A freezing wraith (D:14)
  8 trolls
  3 polar bears
  23 jumping spiders
  17 blink frogs
  5 dream sheep
  22 hornets
  7 slime creatures
  4 tyrant leeches
  21 tarantellas
  6 wyverns
  14 spriggans
  2 wraiths
  A shadow (D:12)
  49 yaks
  77 redbacks
  A steam dragon (Lair:6)
  A basilisk (Lair:6)
  14 wargs
  3 large abominations (Gauntlet)
  20 swamp worms
  4 vampire mosquitoes (D:12)
  15 water moccasins
  5 acid dragons
  A soldier ant (D:11)
  3 small abominations (Gauntlet)
  5 hell hounds (Lair:6)
  4 swamp drakes
  5 sky beasts
  2 phantoms
  A black bear (shapeshifter) (D:14)
  59 orc warriors
  2 ice beasts
  4 black bears
  2 hornet zombies
  2 eyes of draining
  11 ogres
  10 wolves
  12 centaurs
  Blork the orc (D:4)
  A big kobold (D:12)
  22 bullfrogs
  6 scorpions
  9 killer bees
  37 wights
  3 electric eels
  4 howler monkeys
  4 lava snakes
  4 bullfrog zombies
  A quasit (D:15)
  24 orc priests
  6 hounds
  7 centaur skeletons
  6 jellies
  Crazy Yiuf (D:6)
  A bullfrog skeleton (D:12)
  3 iguanas
  32 orc wizards
  9 worker ants
  A hound skeleton (D:9)
  A howler monkey zombie (D:10)
  A worker ant zombie (D:6)
  9 gnolls
  2 river rats (D:4)
  18 adders
  2 shadow imps
  2 ufetubi (D:6)
  2 oozes
  An adder skeleton (D:6)
  6 worms
  2 dart slugs
  8 leopard geckos
  124 orcs
  14 bats
  5 giant cockroaches
  16 hobgoblins
  28 jackals
  23 kobolds
  5 quokkas
  6 ball pythons
  12 frilled lizards
  A giant cockroach zombie (D:5)
  19 goblins
  A jackal zombie (D:7)
  12 rats
  2 briar patches (Swamp:2)
1224 creatures vanquished.

Vanquished Creatures (others)
  2 hydras (Swamp:4)
  2 spriggans (Swamp:1)
  2 goliath frogs (Swamp:1)
  A wolf spider (Spider:3)
  An orb spider (Spider:3)
  A jumping spider (Spider:3)
  A bloated husk (Swamp:1)
  2 hornets (Swamp:1)
  4 dream sheep (Lair:4)
  A swamp worm (Swamp:1)
  A swamp drake (Swamp:1)
  25 foxfires
  8 fungi
  10 plants
  2 withered plants (D:4)
63 creatures vanquished.

Grand Total: 1287 creatures vanquished

Notes
Turn   | Place    | Note
-------+----------+-------------------------------------------
     0 | D:1      | Delamore the Gargoyle Fighter began the quest for the Orb.
     0 | D:1      | Reached XP level 1. HP: 14/14 MP: 1/1
   171 | D:1      | Reached XP level 2. HP: 16/19 MP: 2/2
   261 | D:1      | Reached XP level 3. HP: 24/24 MP: 3/3
   919 | D:2      | Found a blossoming altar of Fedhas.
  1195 | D:2      | Reached XP level 4. HP: 20/29 MP: 4/4
  1581 | D:2      | Reached XP level 5. HP: 23/34 MP: 5/5
  2018 | D:2      | Found a basalt altar of Yredelemnul.
  2307 | D:2      | Found a bloodstained altar of Trog.
  2512 | D:3      | Found a white marble altar of Elyvilon.
  2514 | D:3      | Found an ancient bone altar of Kikubaaqudgha.
  2553 | D:3      | Found a bloodstained altar of Trog.
  2718 | D:3      | Found a shimmering altar of Xom.
  2766 | D:3      | Found a sparkling altar of Nemelex Xobeh.
  2893 | D:3      | Reached XP level 6. HP: 40/40 MP: 6/6
  2958 | D:3      | Reached skill level 5 in Fighting
  2958 | D:3      | Reached skill level 5 in Shields
  3499 | D:4      | Found a glowing drain.
  3507 | Sewer    | Entered a sewer
  3717 | Sewer    | Reached skill level 5 in Maces & Flails
  4004 | D:4      | Reached XP level 7. HP: 43/44 MP: 7/7
  4225 | D:4      | Noticed Blork the orc
  4238 | D:4      | Killed Blork the orc
  4375 | D:4      | Noticed happy's ghost (novice HuEn)
  4376 | D:4      | Found a runed translucent door.
  4487 | D:4      | Found Doiph's Antique Weapon Shop.
  4636 | D:5      | Entered Level 5 of the Dungeon
  4636 | D:5      | Found a runed translucent door.
  4639 | D:5      | Noticed Burana's ghost (novice DgNe)
  5072 | D:5      | Reached XP level 8. HP: 46/49 MP: 8/8
  5887 | D:6      | Reached skill level 10 in Maces & Flails
  5936 | D:6      | Reached XP level 9. HP: 29/54 MP: 9/9
  6319 | D:6      | Found a runed translucent door.
  6319 | D:6      | Noticed Crazy Yiuf
  6324 | D:6      | Killed Crazy Yiuf
  6812 | D:6      | Found a shadowy altar of Dithmenos.
  6985 | D:7      | Found a staircase to the Ecumenical Temple.
  6993 | Temple   | Entered the Ecumenical Temple
  7025 | Temple   | Became a worshipper of Warmaster Okawaru
  7096 | D:7      | Found a flagged portal.
  7123 | Bailey   | Entered a bailey
  7130 | Bailey   | Noticed an orc knight
  7274 | Bailey   | Killed an orc knight
  7274 | Bailey   | Reached * piety under Okawaru
  7369 | Bailey   | Reached XP level 10. HP: 12/59 MP: 10/10
  7879 | D:7      | Found a runed translucent door.
  7879 | D:7      | Noticed petercordia's ghost (novice SpWr)
  8175 | D:7      | Found Xorigumi's Book Boutique.
  8519 | D:7      | Killed petercordia's ghost
  8621 | D:4      | Killed happy's ghost
  8621 | D:4      | Reached ** piety under Okawaru
  8668 | D:5      | Killed Burana's ghost
  8776 | D:8      | Noticed Maggie
  8814 | D:8      | Killed Maggie
  8848 | D:8      | Reached *** piety under Okawaru
  8891 | D:8      | Noticed Psyche
  8904 | D:8      | Paralysed by Psyche for 2 turns
  8908 | D:8      | Killed Psyche
  8909 | D:8      | Reached skill level 1 in Throwing
  8909 | D:8      | Reached skill level 1 in Invocations
  9090 | D:8      | Found a blossoming altar of Fedhas.
  9129 | D:8      | Noticed Maurice
  9342 | D:8      | Killed Maurice
  9342 | D:8      | Reached **** piety under Okawaru
 10013 | D:9      | Reached XP level 11. HP: 63/63 MP: 14/14
 10254 | D:9      | Reached skill level 5 in Invocations
 10386 | D:9      | Found Ficei's Antique Weapon Boutique.
 10394 | D:9      | Bought an encrusted flail for 255 gold pieces
 10394 | D:9      | Identified the +9 flail "Qixtil Bogis" {venom, +Inv Dex+6}
                  | (You bought it in a shop on level 9 of the Dungeon)
 10524 | D:10     | Entered Level 10 of the Dungeon
 10539 | D:10     | Received a gift from Okawaru
 10617 | D:10     | Reached skill level 5 in Throwing
 10625 | D:10     | Noticed a two-headed ogre
 10803 | D:10     | Reached ***** piety under Okawaru
 10806 | D:10     | Killed a two-headed ogre
 10961 | D:10     | Found a staircase to the Orcish Mines.
 11062 | D:10     | Found a staircase to the Lair.
 11165 | Orc:1    | Entered Level 1 of the Orcish Mines
 11424 | D:10     | Reached skill level 1 in Evocations
 11954 | Orc:1    | Noticed an orc knight
 12243 | D:10     | Killed an orc knight
 12338 | Orc:1    | Received a gift from Okawaru
 12687 | Orc:2    | Entered Level 2 of the Orcish Mines
 12725 | Orc:2    | Noticed an orc knight
 12735 | Orc:1    | Killed an orc knight
 12769 | Orc:2    | Noticed an orc sorcerer
 12769 | Orc:2    | Paralysed by an orc sorcerer for 2 turns
 12878 | Orc:2    | Noticed a sixfirhy
 12886 | Orc:2    | Killed an orc sorcerer
 13286 | Orc:2    | Found a staircase to the Elven Halls.
 13500 | Orc:2    | Noticed a two-headed ogre
 13508 | Orc:2    | Killed a two-headed ogre
 13664 | Orc:2    | Noticed an orc sorcerer
 13664 | Orc:2    | Noticed an orc warlord
 13680 | Orc:1    | Noticed an orc sorcerer
 13683 | Orc:1    | Killed an orc sorcerer
 13684 | Orc:1    | Reached XP level 12. HP: 67/76 MP: 15/15
 13754 | Orc:2    | Reached skill level 5 in Evocations
 13860 | Orc:2    | Noticed a soul eater
 13897 | Orc:2    | Gained mutation: You are dopey. (Int -2) [potion of
                  | mutation]
 13897 | Orc:2    | Gained mutation: Your muscles are strong. (Str +2) [potion
                  | of mutation]
 13897 | Orc:2    | Gained mutation: You evolve. [potion of mutation]
 13941 | Orc:2    | Reached skill level 10 in Fighting
 14306 | Orc:1    | Killed an orc warlord
 14416 | Orc:2    | Received a gift from Okawaru
 15277 | Orc:2    | Noticed a soul eater
 15284 | Orc:2    | Paralysed by an orc sorcerer for 4 turns
 15417 | Orc:2    | Received a gift from Okawaru
 16039 | Orc:2    | Received a gift from Okawaru
 16078 | Orc:2    | Got a transparent buckler {god gift}
 16089 | Orc:2    | Identified the +0 buckler of Minor Irritation {Will++
                  | Dex+2} (Okawaru gifted it to you on level 2 of the Orcish
                  | Mines)
 16149 | Orc:2    | Found a roughly hewn altar of Beogh.
 16169 | Orc:2    | Found Qiteaq's Antique Weapon Emporium.
 16169 | Orc:2    | Found Uhoeru's Jewellery Shop.
 16213 | Orc:2    | Reached XP level 13. HP: 85/89 MP: 16/16
 16347 | Orc:2    | Found Oppossaku's Assorted Antiques.
 16347 | Orc:2    | Found Luogehev's Gadget Shop.
 16352 | Orc:2    | Bought a translucent lapis lazuli ring for 120 gold pieces
 16352 | Orc:2    | Bought a scroll of identify for 48 gold pieces
 16363 | Orc:2    | Identified the ring of Arhill {rPois rF+ Str+3 Dex-4} (You
                  | bought it in a shop on level 2 of the Orcish Mines)
 16730 | Lair:1   | Entered Level 1 of the Lair of Beasts
 16804 | Lair:1   | Found a gate leading to a gauntlet.
 16813 | Gauntlet | Entered a Gauntlet
 16813 | Gauntlet | Found a transporter.
 16817 | Gauntlet | Found a transporter.
 16818 | Gauntlet | Noticed a death ooze
 16820 | Gauntlet | Found a transporter.
 16823 | Gauntlet | Found a transporter.
 16826 | Gauntlet | Noticed an entropy weaver
 16838 | Gauntlet | Found a transporter.
 16838 | Gauntlet | Found a transporter.
 16846 | Gauntlet | Found a transporter.
 16847 | Gauntlet | Found the +10 morningstar "Eos" {elec, Halo rElec}
 16853 | Gauntlet | Found a transporter.
 16877 | Gauntlet | Found a transporter.
 16884 | Gauntlet | Found a transporter.
 16888 | Gauntlet | Found a transporter.
 16901 | Gauntlet | Found a transporter.
 16999 | Gauntlet | Killed a death ooze
 17024 | Gauntlet | Got a glimmering giant spiked club
 17170 | Gauntlet | Got a brightly glowing lapis lazuli ring
 17217 | Gauntlet | Noticed a minotaur
 17224 | Gauntlet | Killed a minotaur
 17225 | Gauntlet | Reached skill level 15 in Fighting
 17272 | Lair:1   | Noticed Urug
 17562 | Lair:1   | Identified the ring of Orgho {rElec Stlth-} (You found it
                  | in a Gauntlet)
 18001 | Lair:1   | You fall into a shaft and drop 1 floor!
 18013 | Lair:2   | Received a gift from Okawaru
 18233 | Lair:1   | Killed Urug
 18706 | Lair:2   | Gained mutation: Armour fits poorly on your strangely
                  | shaped body. [evolution]
 18761 | Lair:2   | Found a runed translucent gate.
 18761 | Lair:2   | Found a runed translucent gate.
 18761 | Lair:2   | Found a runed translucent gate.
 18761 | Lair:2   | Noticed Pamiuf's ghost (journeyman KoSu)
 19080 | Lair:2   | Killed Pamiuf's ghost
 19080 | Lair:2   | Received a gift from Okawaru
 19095 | Lair:2   | Identified the +9 giant spiked club "Demonbane" {vorpal,
                  | rF+ Int+3 Dex-5} (You found it in a Gauntlet)
 19195 | Lair:3   | Reached ****** piety under Okawaru
 19689 | Lair:3   | Gained mutation: Your large and strong wings let you fly
                  | indefinitely. [Gargoyle growth]
 19689 | Lair:3   | Reached XP level 14. HP: 90/98 MP: 17/17
 19691 | Lair:3   | Reached skill level 15 in Maces & Flails
 20337 | Lair:4   | Identified the Almanac of Ensnaring Creation
 20370 | Lair:4   | Found a shimmering altar of Xom.
 20415 | Lair:4   | Found a staircase to the Swamp.
 20849 | Lair:4   | Found a hole to the Spider Nest.
 21597 | Lair:5   | Received a gift from Okawaru
 21612 | Lair:5   | Reached skill level 10 in Shields
 21625 | Lair:5   | Got a crude plate armour {god gift}
 21636 | Lair:5   | Identified the +4 plate armour of the Pink Corner {*Contam
                  | Regen+ Int+5} (Okawaru gifted it to you on level 5 of the
                  | Lair of Beasts)
 21645 | Lair:5   | Gained mutation: Your skin changes colour to match your
                  | surroundings (Stealth+). [evolution]
 22178 | Lair:6   | Entered Level 6 of the Lair of Beasts
 22359 | Lair:6   | Found a staircase to the Slime Pits.
 23196 | Lair:6   | Received a gift from Okawaru
 23386 | Lair:6   | Reached XP level 15. HP: 98/103 MP: 18/18
 23522 | Lair:6   | Found a large runed translucent door.
 23523 | Lair:6   | Found a large runed translucent door.
 23540 | Lair:6   | Received a gift from Okawaru
 24226 | Lair:6   | Identified a scroll of acquirement
 24228 | Lair:6   | Acquired 748 gold pieces
 24735 | D:11     | Got a pair of warped gloves
 24746 | D:11     | Identified the cursed +0 pair of gloves "Kyhen" {rCorr
                  | Int-5 Dex+2 SInv} (You found it on level 11 of the Dungeon)
 25127 | D:11     | Lost mutation: Armour fits poorly on your strangely shaped
                  | body. [evolution]
 25729 | D:13     | Found a portal to a secret trove of treasure.
 25816 | D:13     | Received a gift from Okawaru
 25969 | D:13     | Found Byfoi's Weapon Shoppe.
 26145 | D:13     | Identified the ring of the Lion {rN+ Int+4}
 26319 | D:13     | Received a gift from Okawaru
 26329 | D:13     | Got a warped eveningstar {god gift}
 26330 | D:13     | Identified the +7 eveningstar of Quifis {freeze, *Contam
                  | rF++ rC+} (Okawaru gifted it to you on level 13 of the
                  | Dungeon)
 26522 | D:13     | Identified Zane's Almanac of Supportive Feathers
 26523 | D:13     | Got a translucent ruby amulet
 26837 | D:13     | Found a gate to the Vaults.
 26866 | D:13     | Reached skill level 15 in Shields
 26882 | D:13     | Received a gift from Okawaru
 26896 | D:13     | Reached XP level 16. HP: 106/108 MP: 14/19
 26985 | D:13     | Identified the amulet "Beawoll" {Inacc +Inv rPois Int+3
                  | Dex+2} (You found it on level 13 of the Dungeon)
 27009 | D:14     | Received a gift from Okawaru
 27729 | D:15     | Entered Level 15 of the Dungeon
 28076 | D:15     | Found a staircase to the Depths.
 28137 | D:15     | Lost mutation: You evolve. [end of evolution]
 28787 | Swamp:1  | Entered Level 1 of the Swamp
 28934 | Lair:4   | Received a gift from Okawaru
 28935 | Lair:4   | Got a pair of slimy boots {god gift}
 29026 | Lair:4   | Identified the +2 pair of boots "Guismim" {rF+} (Okawaru
                  | gifted it to you on level 4 of the Lair of Beasts)
 29700 | Swamp:2  | Noticed a thorn hunter
 29716 | Swamp:2  | Killed a thorn hunter
 30200 | Swamp:2  | Identified Roxanne's Volume of Transmutation
 30200 | Swamp:2  | Noticed Roxanne
 30336 | Swamp:3  | Received a gift from Okawaru
 30462 | Swamp:3  | Reached XP level 17. HP: 74/117 MP: 20/20
 30565 | Swamp:3  | Got a pair of encrusted boots {god gift}
 30576 | Swamp:3  | Identified the +1 pair of boots of Modesty {-Tele rN+
                  | Regen+ Str+6 Int-5} (Okawaru gifted it to you on level 3 of
                  | the Swamp)
 30764 | Swamp:3  | HP: 1/117 [acid (8)]
 31409 | Swamp:3  | Found an ancient bone altar of Kikubaaqudgha.
 31589 | Swamp:3  | Noticed a tentacled monstrosity
 31599 | Swamp:3  | Killed a tentacled monstrosity
 31688 | Swamp:4  | Entered Level 4 of the Swamp
 31921 | Swamp:4  | Received a gift from Okawaru
 31936 | Swamp:4  | Got a steaming cloak {god gift}
 31947 | Swamp:4  | Identified the +1 cloak of Moral Flaws {Str+4} (Okawaru
                  | gifted it to you on level 4 of the Swamp)
 32796 | Swamp:4  | Got a decaying rune of Zot
 33105 | Spider:1 | Entered Level 1 of the Spider Nest
 33111 | Spider:1 | Received a gift from Okawaru
 33357 | Spider:1 | Received a gift from Okawaru
 34016 | Spider:1 | Reached XP level 18. HP: 102/126 MP: 21/21
 34965 | Spider:2 | Received a gift from Okawaru
 35948 | Spider:3 | Received a gift from Okawaru
 36492 | Spider:4 | Entered Level 4 of the Spider Nest
 37482 | Spider:4 | Received a gift from Okawaru
 37627 | Spider:4 | Got a gossamer rune of Zot
 37740 | Spider:4 | Slain by a wolf spider

Illustrated notes

Levels and vault maps discovered:
D:1:      elethiomel_arrival_quiet, layout_basic, minivault_27,
          kennysheep_small_spiral, chequers_serial_rivers_small_b,
          serial_bayou_crossing
D:2:      layout_basic, lightli_temple_of_fire, yredelemnul_altar_generic,
          hangedman_decor_riveting, fedhas_altar_2
D:3:      kennysheep_six_static_rooms, layout_loops_cross, lemuel_doored_altar,
          nemelex_xobeh_ov_fountains_minmay, grunt_temple_overflow_open,
          trog_hazing_becter
D:4:      layout_rooms, lightli_sewer_entry_pipes, serial_shops,
          kennysheep_little_box, gammafunk_ghost_grave, uniq_blork_the_orc
D:5:      layout_loops_ring, hellmonk_ghost_happy_afterlife
D:6:      layout_rooms, general_overflow_altar, hangedman_abyss_or_decor_stabs,
          grunt_ministairs_13, uniq_crazy_yiuf_cottage
D:7:      layout_basic, minmay_temple_entry_glassed_door,
          hellmonk_ghost_happy_afterlife, enter_bailey_3, serial_shops,
          shop_statue
D:8:      layout_loops_ring, nicolae_overflow_hidden_temple, uniq_psyche,
          uniq_maggie, uniq_maurice
D:9:      layout_basic, serial_shops, shop, serial_rivers,
          chequers_serial_rivers_large_a, chequers_serial_rivers_marsh,
          chequers_serial_rivers_room_b, chequers_serial_rivers_micro_c,
          chequers_serial_rivers_micro_c, chequers_serial_rivers_marsh,
          corexii_corridor_pit
D:10:     layout_cross, lair_entry_dummy, orc_0_dummy
D:11:     layout_irregular_city
D:12:     layout_cave_pools
D:13:     minmay_the_grid_4x2 [minmay_the_grid_outer_circle,
          minmay_the_grid_minigrid_large, minmay_the_grid_broken_lines,
          minmay_the_grid_doors, minmay_the_grid_tree, minmay_the_grid_tri_star,
          minmay_the_grid_slots, minmay_the_grid_prize_shrinking_boxes],
          layout_rooms, erik_vaults_2, enter_trove_2, serial_shops, shop
D:14:     layout_irregular_city, hangedman_abyss_or_decor_lesser_grid
D:15:     hangedman_depths_entry_try_elsewhere_first, layout_loops_cross,
          grunt_decor_mini_mirrors
Temple:   minmay_temple_curvy_branch
Lair:1:   layout_hall_layers, gauntlet_entry_generic, serial_bayou_pond_d,
          grunt_megastairs_4, uniq_urug
Lair:2:   layout_chaotic_city, ebering_ghost_rock_garden,
          nicolae_quartered_pool_super
Lair:3:   layout_concentric_octagons, infiniplex_staircase_pool,
          serial_bayou_shore_b, serial_bayou_shore_b, minmay_lair_oklob_chamber
Lair:4:   layout_gridlike, minmay_swamp_entry_worms, dummy_spider_entry,
          kb_xom_exploding_sheep, grunt_megastairs_3
Lair:5:   layout_regular_city, lemuel_fruit_tree, serial_bayou_shore_b
Lair:6:   cheibrodos_lair_end_hotspot, layout_cave_pods, minmay_slime_entry_eyes
Swamp:1:  layout_falls_marsh, evilmike_swamp_ruin_house_2, swamp_pool3,
          st_swamp_ruins_1
Swamp:2:  layout_basic_swamp, evilmike_swamp_ruin_rubble_1, swamp_pool5,
          infiniplex_staircase_pool_2, uniq_roxanne
Swamp:3:  cheibrodos_swamp_monstrosity, layout_basic_swamp,
          lemuel_altar_in_water, hangedman_swamp_lotus
Swamp:4:  swamp_alternative, layout_basic_swamp, swamp_pool4
Spider:1: layout_chambers
Spider:2: layout_spider_delve
Spider:3: layout_spider_delve
Spider:4: grunt_spider_rune_circles, drop_trap, uniq_kirke
Orc:1:    layout_diamond_mine
Orc:2:    st_orc_town, layout_diamond_mine, mines4_lemuel

Skill      XL: |  1  2  3  4  5  6  7  8  9 10 11 12 13 14 15 16 17 18 |
---------------+-------------------------------------------------------+-----
Fighting       | 4 5 9 13 15 17 18 19 | 19.9
Shields        | 4 5 8 11 15 17 18 19 | 19.9
Maces & Flails | 3 5 7 10 12 14 16 17 | 17.0
Throwing       | 3 5 |  5.0
Invocations    | 4 5 |  5.0
Evocations     | 4 5 |  5.0
Armour         | |  3.2

Action                   |  1- 3 |  4- 6 |  7- 9 | 10-12 | 13-15 | 16-18 || total
-------------------------+-------+-------+-------+-------+-------+-------++-------
Melee: Flail             |   114 |   189 |       |   637 |   103 |       ||  1043
       Mace              |       |   318 |   478 |   297 |       |       ||  1093
       Unarmed           |       |       |       |     7 |       |       ||     7
       Morningstar       |       |       |       |       |   792 |       ||   792
       Eveningstar       |       |       |       |       |    71 |  1437 ||  1508
Throw: Dart              |       |       |       |     8 |       |       ||     8
       Javelin           |       |       |       |     2 |     1 |       ||     3
       Throwing net      |       |       |       |     1 |       |       ||     1
Invok: Finesse           |       |       |       |     5 |     7 |    10 ||    22
       Heroism           |       |       |       |     5 |     3 |     2 ||    10
 Abil: Evoke Invisibilit |       |       |       |       |     1 |       ||     1
       Fly               |       |       |       |       |       |     1 ||     1
Evoke: Wand              |       |       |     2 |       |       |       ||     2
  Use: Scroll            |       |     4 |     9 |     1 |    14 |     9 ||    37
       Potion            |       |       |     4 |    11 |     1 |     4 ||    20
 Stab: Invisible         |       |       |       |     3 |     2 |       ||     5
Armor: Scale mail        |    92 |   168 |       |       |       |       ||   260
       Chain mail        |       |   194 |   360 |   257 |       |       ||   811
       Skin              |       |       |       |    12 |       |       ||    12
       Plate armour      |       |       |       |   128 |   628 |  1758 ||  2514
Dodge: Dodged            |    56 |   163 |    99 |   129 |   234 |   496 ||  1177
Block: Kite shield       |    86 |   352 |   322 |   382 |       |       ||  1142
       Buckler           |       |       |       |       |   197 |   594 ||   791
